 Seeded DCSS version 0.29.1-4-g47bece8355 (webtiles) character file.

Game seed: 1 (custom seed)

56 Kazon the Slasher (level 3, -1/29 HPs)
             Began as a Demonspawn Berserker on Dec 9, 2022.
             Was a Believer of Trog.
             Slain by a gnoll
             ... wielding a +0 spear
              (3 damage)
             ... on level 2 of the Dungeon.
             The game lasted 00:03:52 (915 turns).

Kazon the Slasher (Demonspawn Berserker)             Turns: 915, Time: 00:03:52

Health: -1/29      AC: 16    Str: 19    XL:     3   Next: 71%
Magic:  3/3        EV:  2    Int:  8    God:    Trog [**....]
Gold:   134        SH:  0    Dex: 16    Spells: 2/2 levels left

rFire   . . .      SeeInvis .   a - +0 falchion
rCold   . . .      Faith    .   (no shield)
rNeg    . . .      Spirit   .   c - +1 crystal plate armour of Purpose {Dex+4 Stlth+}
rPois   .          Reflect  .   (no helmet)
rElec   .          Harm     .   (no cloak)
rCorr   .          Rampage  .   (no gloves)
Will    .....                   (no boots)
Stlth   ..........              (no amulet)
HPRegen 0.09/turn               (no ring)
MPRegen 0.08/turn               (no ring)

@: no status effects
A: powered by death 1, spiny 1
a: Renounce Religion, Berserk, Trog's Hand


You were on level 2 of the Dungeon.
You worshipped Trog.
Trog was pleased with you.
You visited 1 branch of the dungeon, and saw 2 of its levels.

You collected 134 gold pieces.

Inventory:

Hand Weapons
 a - a +0 falchion (weapon)
Missiles
 i - 8 stones (quivered)
Armour
 b - a +0 animal skin
 c - the +1 crystal plate armour of Purpose (worn) {Dex+4 Stlth+}
   (You acquired it on level 1 of the Dungeon)

   Dex:       It affects your dexterity (+4).
   Stlth:     It makes you more stealthy.
Jewellery
 d - an amulet of the acrobat
Scrolls
 h - a scroll of identify {unknown}
Potions
 e - a potion of haste {unknown}
 f - a potion of flight {unknown}
 g - a potion of attraction {unknown}


   Skills:
 + Level 3.4 Fighting
 + Level 3.5 Long Blades
 * Level 0.2 Throwing
 + Level 2.1 Armour
 + Level 2.0 Dodging


You had 2 spell levels left.
You didn't know any spells.
Your spell library was empty.

Dungeon Overview and Level Annotations

Branches:
Dungeon (2/15)

Altars:


Innate Abilities, Weirdness & Mutations

You regenerate a little health from kills.
You are partially covered in sharp spines.


Message History

The gnoll hits you but does no damage. The gnoll hits you but does no damage.
You closely miss the gnoll. The gnoll is struck by your spines.
The gnoll hits you but does no damage.
You barely miss the gnoll.
The gnoll is moderately wounded.
The gnoll hits you from afar with a +0 halberd!
The gnoll is struck by your spines. The gnoll hits you with a +0 whip.
You barely miss the gnoll.
The gnoll is heavily wounded.
The gnoll hits you but does no damage. The gnoll hits you with a +0 whip.
You hit the gnoll.
You kill the gnoll!
Trog accepts your kill. The gnoll hits you but does no damage.
The gnoll is struck by your spines. The gnoll hits you with a +0 halberd.
The gnoll hits you but does no damage.
Things that are here:
a +0 whip; a gnoll corpse You closely miss the gnoll.
The gnoll is moderately wounded.
The gnoll hits you with a +0 halberd!
* * * LOW HITPOINT WARNING * * *
The gnoll hits you but does no damage.
You hit the gnoll.
The gnoll is severely wounded.
The gnoll is struck by your spines.
The gnoll hits you but does no damage. x4
You slash the gnoll!
You kill the gnoll!
Trog accepts your kill.
You can now call upon Trog for regeneration and willpower.
The gnoll completely misses you. The gnoll is struck by your spines.
The gnoll hits you with a +0 spear.
* * * LOW HITPOINT WARNING * * *
Things that are here:
a +0 halberd; a gnoll corpse You closely miss the gnoll.
The gnoll is moderately wounded.
The gnoll hits you with a +0 spear.
You die...

#.##.# #..... .g#K# #.#
#.#.# # #.# ######.#.#.#.#
#.# #...gK.......# #.#
#K##g......### #.#
#g##..####.# #<# #@##..# #
####### #.# #)##..# ......#
#.# #.##..####.#
.####.####.#####..........#
.## #.#.........>##..######
..###...#####....##..#
#....####............#
..##.# #.#########.##
†###.# #.# #.#


You could see a gnoll and a kobold.

Vanquished Creatures
  2 gnolls (D:2)
  An adder (D:2)
  A worm (D:2)
  4 endoplasms (D:1)
  A giant cockroach (D:1)
  4 goblins (D:1)
  3 hobgoblins
  A kobold (D:1)
  A quokka (D:1)
  A ball python (D:2)
  2 bats
  3 rats (D:1)
24 creatures vanquished.

Notes
Turn   | Place    | Note
-------+----------+-------------------------------------------
     0 | D:1      | Kazon the Demonspawn Berserker began the quest for the Orb.
     0 | D:1      | Reached XP level 1. HP: 18/18 MP: 1/1
    34 | D:1      | Identified a scroll of acquirement
    34 | D:1      | Acquired the +1 crystal plate armour of Purpose {Dex+4
                  | Stlth+}
   300 | D:1      | Gained mutation: You are partially covered in sharp spines.
                  | [demonic ancestry]
   300 | D:1      | Reached XP level 2. HP: 23/24 MP: 2/2
   760 | D:2      | Gained mutation: You regenerate a little health from kills.
                  | [demonic ancestry]
   760 | D:2      | Reached XP level 3. HP: 24/29 MP: 3/3
   913 | D:2      | Reached ** piety under Trog
   915 | D:2      | Slain by a gnoll

Illustrated notes

Levels and vault maps discovered:
D:1:      dpeg_arrival_three_smaller_balls, layout_basic
D:2:      layout_loops_ring

Skill      XL: |  1  2  3 |
---------------+----------+-----
Long Blades    | 3 |  3.5
Armour         | 2 |  2.1
Dodging        | 2 |  2.0
Fighting       | |  3.4
Throwing       | |  0.2

Action                   || total
-------------------------++-------
Melee: Falchion          ||    77
  Use: Scroll            ||     1
Armor: Crystal plate arm ||    60
       Animal skin       ||     9
Dodge: Dodged            ||    18
